 Dungeon Crawl Stone Soup version 0.31-a0-152-g6aa68a64a1 (webtiles) character file.

Game seed: 17020753205195336304

5870 qw the Skirmisher (level 10, 0/93 HPs)
             Began as a Minotaur Hunter on June 9, 2023.
             Slain by a skeletal warrior
             ... wielding a +0 short sword
              (12 damage)
             ... on level 10 of the Dungeon.
             The game lasted 00:03:36 (9024 turns).

qw the Skirmisher (Minotaur Hunter)                 Turns: 9024, Time: 00:03:36

Health: 0/93       AC:  8    Str: 17    XL:     10   Next: 52%
Magic:  9/9        EV: 15    Int:  6    God:
Gold:   548        SH:  0    Dex: 17    Spells: 9/9 levels left

rFire   + . .        Y - +1 orcbow
rCold   . . .        (shield currently unavailable)
rNeg    . . .        d - +3 leather armour {rF+}
rPois   .            (helmet restricted)
rElec   .            (no cloak)
rCorr   +            a - +0 pair of gloves
SInv    .            b - +0 pair of boots
Will    .....        m - amulet of faith
Stlth   ++           e - ring of resist corrosion
HPRegen 0.35/turn    (no ring)
MPRegen 0.11/turn

%: faith
@: no status effects
A: horns 2, retaliatory headbutt
a: no special abilities


You were on level 10 of the Dungeon.
You visited 2 branches of the dungeon, and saw 11 of its levels.

You collected 548 gold pieces.


Innate Abilities, Weirdness & Mutations

You have a pair of horns on your head.
You reflexively headbutt those who attack you in melee.


   Skills:
 - Level 10.0 Fighting
 + Level 14.1 Ranged Weapons
 - Level 3.0 Armour
 - Level 6.0 Dodging
 - Level 0.7 Stealth


You had 9 spell levels left.
You didn't know any spells.
Your spell library was empty.

Inventory:

Hand Weapons
 Y - a +1 orcbow (weapon)
Armour
 a - a +0 pair of gloves (worn)
 b - a +0 pair of boots (worn)
 d - a +3 leather armour of fire resistance (worn)
Jewellery
 e - a ring of resist corrosion (left hand)
 m - an amulet of faith (around neck)
Scrolls
 c - a scroll of identify
Potions
 f - a potion of haste
 g - 3 potions of curing
 h - a potion of attraction {unknown}
 i - 2 potions of heal wounds
 j - a potion of might
 l - a potion of enlightenment {unknown}
 n - a potion of magic {unknown}
 p - a potion of mutation {unknown}

Dungeon Overview and Level Annotations

Branches:
Dungeon (10/15)            Temple (1/1) D:6
   Lair: D:8-11         Orc: D:9-12

Altars:
Ashenzari
Cheibriados
Dithmenos
Elyvilon
Fedhas
Gozag
Hepliaklqana
Kikubaaqudgha
Makhleb
Nemelex Xobeh
Qazlal
Ru
Sif Muna
Trog
Uskayaw
Vehumet
Wu Jian
Xom
Yredelemnul
Zin
The Shining One

Shops:
D:1 :[*   D:4 (   D:10 *

Annotations:
D:7 1 runed translucent door, Crazy Yiuf


Message History

The orc misses you.
Your Fighting skill increases to level 10!
You shoot an arrow. The arrow hits the orc.
The orc is severely wounded.
You shoot an arrow. The arrow closely misses the orc.
You shoot an arrow. The arrow hits the orc!
You kill the orc!
The orc barely misses you. You furiously retaliate!
You headbutt the orc. You shoot an arrow. The arrow hits the orc!
You kill the orc!
You start resting.
HP restored.
Items here: %% ) [.
You see here a +0 mace.
You see here a +0 short sword.
As you open the door, it creaks loudly! 5 skeletal warriors come into view.
The skeletal warrior hits you from afar with a +0 glaive!!
Found an escape hatch in the floor.
You shoot an arrow.
The arrow hits the skeletal warrior but does no damage.
The skeletal warrior hits you from afar with a +0 glaive!
You shoot an arrow. The arrow hits the skeletal warrior!
The skeletal warrior is lightly damaged.
The skeletal warrior closely misses you.
You shoot an arrow. The arrow hits the skeletal warrior.
The skeletal warrior is lightly damaged.
The skeletal warrior closely misses you.
The skeletal warrior hits you from afar with a +0 glaive!
The skeletal warrior hits you from afar with a +0 halberd!
The skeletal warrior closely misses you.
You shoot an arrow. The arrow hits the skeletal warrior.
The skeletal warrior is lightly damaged.
You shoot an arrow.
The arrow closely misses the skeletal warrior.
The arrow hits the skeletal warrior.
The skeletal warrior is lightly damaged.
The skeletal warrior hits you from afar with a +0 halberd!!
The skeletal warrior hits you with a +0 short sword!
You die...

#...# #..# ###...###
#..#
#.......####..######
#....)..............
#...))..###.....###
###...###
##...#####. ###)..#
#......... #.)..##
##.######. #)####
#@# #.# #z# #.#


zzz ####.###### ..z.. #.........# ....... ..##....#.##.........
##.........+.....>...+ .####...#.##.........# ...##..##.# You could see 5
skeletal warriors.

Vanquished Creatures
  Pikel (D:5)
  4 polar bears (D:9)
  A yak (D:9)
  A wyvern (D:9)
  2 steam dragons
  2 unseen horror simulacra (D:9)
  An acid dragon (D:10)
  2 black bears
  4 orc warriors
  2 sky beasts
  3 ice beasts
  7 centaurs
  A lemure (D:5)
  2 phantoms
  3 kobold brigands
  2 bullfrogs (D:7)
  3 scorpions
  A gnoll sergeant (D:8)
  An electric eel (D:9)
  5 howler monkeys
  6 hounds
  8 orc priests
  Ijyb (D:3)
  5 iguanas
  A sleepcap (D:5)
  Terence (D:3)
  9 orc wizards
  A centaur simulacrum (D:9)
  8 gnolls
  7 adders
  A shadow imp (D:6)
  2 white imps
  3 ufetubi
  2 dart slugs (D:1)
  35 orcs
  5 endoplasms
  A giant cockroach (D:4)
  6 hobgoblins
  5 quokkas
  4 ball pythons
  4 bats
  5 frilled lizards
  7 goblins
  14 kobolds
  7 rats
196 creatures vanquished.

Vanquished Creatures (others)
  A quokka (D:8)
1 creature vanquished.

Grand Total: 197 creatures vanquished

Notes
Turn   | Place    | Note
-------+----------+-------------------------------------------
     0 | D:1      | qw the Minotaur Hunter began the quest for the Orb.
     0 | D:1      | Reached XP level 1. HP: 18/18 MP: 0/0
     0 | D:1      | 0 ||| qw: Version: 0.2-a-122-gbc61b45
     0 | D:1      | 0 ||| qw: Game counter: 3259
     0 | D:1      | 0 ||| qw: Always use a shield: true
     0 | D:1      | 0 ||| qw: God list: Okawaru
     0 | D:1      | 0 ||| qw: Allow faded altars: false
     0 | D:1      | 0 ||| qw: Do Orc after D:15 true
     0 | D:1      | 0 ||| qw: Do second Lair branch before Depths: true
     0 | D:1      | 0 ||| qw: Lair rune preference: random
     0 | D:1      | 0 ||| qw: Plans: Normal
     0 | D:1      | 0 ||| PLANNING D:1-11
    60 | D:1      | Found Zoydiogu's General Store.
    68 | D:1      | 68 ||| SHOPLISTING +0 ring mail (48 gold, have 10).
    68 | D:1      | 68 ||| SHOPLISTING potion of curing (36 gold, have 10).
   194 | D:1      | 194 ||| FLEEEEING.
   202 | D:1      | Reached XP level 2. HP: 25/25 MP: 1/1
   221 | D:1      | Reached skill level 5 in Ranged Weapons
   374 | D:1      | Reached skill level 3 in Fighting
   390 | D:1      | Found Ycuciyma's Antique Armour Boutique.
   398 | D:1      | 398 ||| SHOPLISTING ring mail (108 gold, have 65).
   558 | D:1      | 558 ||| FLEEEEING.
   560 | D:1      | 560 ||| FLEEEEING.
   561 | D:1      | 561 ||| FLEEEEING.
   567 | D:1      | 567 ||| FLEEEEING.
   568 | D:1      | 568 ||| FLEEEEING.
   633 | D:1      | Found Jistruin's Book Shoppe.
   725 | D:1      | 725 ||| READING scroll labelled YSTYADWEMA.
   726 | D:1      | 726 ||| READING scroll labelled ECZUOT IVONAD.
   727 | D:1      | 727 ||| READING scroll labelled REANITA GEBBIS.
   728 | D:1      | 728 ||| READING scroll labelled RARESO BAUL.
   829 | D:1      | 829 ||| READING scroll labelled GOGEGO MOGHEUM.
   830 | D:1      | 830 ||| DROPPING scroll of butterflies.
   832 | D:1      | 832 ||| Stepping ~*~*~tactically~*~*~ (cloud).
   836 | D:1      | HP: 6/26 [poisoned by you (poison gas)]
   994 | D:2      | Reached XP level 3. HP: 31/31 MP: 2/2
  1106 | D:2      | Identified the +1 dagger of the Hurting Soothsayer {flame,
                  | *Rage rElec rN+ Str+9}
  1120 | D:2      | 1120 ||| READING scroll labelled ZEV NOBAUKKIC.
  1121 | D:2      | 1121 ||| READING scroll labelled CINIURR TITUL.
  1525 | D:2      | Noticed a scorpion
  1526 | D:2      | 1526 ||| UPGRADING to +0 pair of gloves.
  1531 | D:2      | 1531 ||| UPGRADING to +0 pair of boots.
  1537 | D:2      | 1537 ||| UPGRADING to ring of resist corrosion.
  1538 | D:2      | 1538 ||| READING scroll labelled VAWURH LOIMOHU.
  1579 | D:2      | Killed a scorpion
  1580 | D:2      | Reached skill level 3 in Armour
  1580 | D:2      | Reached XP level 4. HP: 37/38 MP: 3/3
  1915 | D:3      | Found a sacrificial altar of Ru.
  1923 | D:3      | Reached skill level 6 in Ranged Weapons
  1923 | D:3      | Reached XP level 5. HP: 45/45 MP: 4/4
  1969 | D:3      | Noticed Ijyb
  2001 | D:3      | Killed Ijyb
  2103 | D:3      | Identified the +0 mace of Attainder {flame, Int+2}
  2177 | D:3      | 2177 ||| FLEEEEING.
  2178 | D:3      | 2178 ||| FLEEEEING.
  2179 | D:3      | 2179 ||| FLEEEEING.
  2180 | D:3      | 2180 ||| FLEEEEING.
  2181 | D:3      | 2181 ||| FLEEEEING.
  2182 | D:3      | 2182 ||| FLEEEEING.
  2183 | D:3      | 2183 ||| FLEEEEING.
  2184 | D:3      | 2184 ||| FLEEEEING.
  2185 | D:3      | 2185 ||| FLEEEEING.
  2186 | D:3      | 2186 ||| FLEEEEING.
  2187 | D:3      | 2187 ||| FLEEEEING.
  2188 | D:3      | 2188 ||| FLEEEEING.
  2233 | D:3      | Reached XP level 6. HP: 52/53 MP: 5/5
  2327 | D:3      | Noticed Terence
  2334 | D:3      | Killed Terence
  2335 | D:3      | Reached skill level 7 in Ranged Weapons
  2669 | D:3      | 2669 ||| UPGRADING to +3 leather armour of fire resistance.
  2679 | D:3      | 2679 ||| DROPPING +0 leather armour.
  2680 | D:3      | 2680 ||| READING scroll labelled GIAZIR UTSIF.
  2681 | D:3      | 2681 ||| READING scroll labelled ACZOEV YCHAGURY.
  2682 | D:3      | 2682 ||| DRINKING 2 purple potions.
  2834 | D:4      | Found Gykim's Weapon Boutique.
  2909 | D:4      | Found an ornate altar of the Wu Jian Council.
  2936 | D:4      | Found an ancient bone altar of Kikubaaqudgha.
  3369 | D:4      | 3369 ||| READING 2 scrolls of identify.
  3369 | D:4      | 3369 ||| IDENTIFYING lumpy clear potion
  3383 | D:5      | Entered Level 5 of the Dungeon
  3397 | D:5      | Reached skill level 8 in Ranged Weapons
  3419 | D:5      | Noticed Pikel
  3437 | D:5      | HP: 9/53 [lemure[Pikel] (8)]
  3438 | D:5      | Killed Pikel
  3439 | D:5      | Reached XP level 7. HP: 8/67 MP: 6/6
  3439 | D:5      | 3439 ||| FLEEEEING.
  3440 | D:5      | 3440 ||| FLEEEEING.
  3443 | D:5      | 3443 ||| FLEEEEING.
  3444 | D:5      | 3444 ||| FLEEEEING.
  3445 | D:5      | 3445 ||| FLEEEEING.
  3450 | D:5      | 3450 ||| STAIRDANCE
  3648 | D:5      | Reached XP level 8. HP: 73/74 MP: 7/7
  3793 | D:5      | Reached skill level 3 in Dodging
  3905 | D:5      | Found a glowing golden altar of the Shining One.
  3937 | D:5      | 3937 ||| DRINKING 2 brown potions.
  3948 | D:6      | 3948 ||| STAIRDANCE
  3953 | D:5      | Reached skill level 9 in Ranged Weapons
  4123 | D:6      | 4123 ||| FLEEEEING.
  4134 | D:6      | 4134 ||| FLEEEEING.
  4135 | D:6      | 4135 ||| FLEEEEING.
  4136 | D:6      | 4136 ||| FLEEEEING.
  4137 | D:6      | 4137 ||| FLEEEEING.
  4207 | D:6      | Found a staircase to the Ecumenical Temple.
  4208 | D:6      | 4208 ||| PLANNING TEMPLE
  4208 | D:6      | 4208 ||| DRINKING 2 murky puce potions.
  4235 | D:6      | 4235 ||| READING 2 scrolls of identify.
  4235 | D:6      | 4235 ||| IDENTIFYING viscous sapphire potion
  4236 | D:6      | 4236 ||| DROPPING potion of ambrosia.
  4237 | D:6      | 4237 ||| DROPPING potion of lignification.
  4247 | Temple   | Entered the Ecumenical Temple
  4248 | Temple   | 4248 ||| PLANNING D:1-11
  4303 | D:6      | Found a hide-covered altar of Uskayaw.
  4310 | D:6      | Reached skill level 10 in Ranged Weapons
  4583 | D:6      | Found a shimmering altar of Xom.
  4616 | D:6      | Reached XP level 9. HP: 80/80 MP: 8/8
  4634 | D:6      | Found a bloodstained altar of Trog.
  4691 | D:6      | Found a glowing silver altar of Zin.
  4805 | D:6      | 4805 ||| Stepping ~*~*~tactically~*~*~ (outnumbered).
  4819 | D:6      | Reached skill level 11 in Ranged Weapons
  5053 | D:6      | Found a shadowy altar of Dithmenos.
  5172 | D:6      | 5172 ||| READING 3 scrolls labelled HES EGAIF JIOZ.
  5173 | D:6      | 5173 ||| READING scroll labelled AFOWOSI BIWY.
  5290 | D:6      | 5290 ||| DRINKING 3 red potions.
  5291 | D:6      | 5291 ||| READING 2 scrolls of identify.
  5291 | D:6      | 5291 ||| IDENTIFYING smoky yellow potion
  5292 | D:6      | 5292 ||| DROPPING 2 scrolls of fear.
  5293 | D:6      | 5293 ||| DROPPING 2 potions of degeneration.
  5355 | D:7      | Found a broken altar of Ashenzari.
  5476 | D:7      | Found a blossoming altar of Fedhas.
  5580 | D:7      | Found a radiant altar of Vehumet.
  5580 | D:7      | Found a shimmering blue altar of Sif Muna.
  5633 | D:7      | Found a hazy altar of Hepliaklqana.
  5701 | D:7      | Found a runed translucent door.
  5702 | D:7      | Noticed Crazy Yiuf
  5754 | D:7      | Found a stormy altar of Qazlal.
  5985 | D:8      | Reached skill level 12 in Ranged Weapons
  6387 | D:8      | Found a snail-covered altar of Cheibriados.
  6572 | D:8      | Found a burning altar of Makhleb.
  6612 | D:8      | 6612 ||| SWAPPING to +0 orcbow.
  6613 | D:8      | 6613 ||| DROPPING +1 shortbow of draining.
  6614 | D:8      | 6614 ||| READING scroll of enchant weapon.
  6614 | D:8      | 6614 ||| ENCHANTING +0 orcbow.
  6666 | D:8      | Found an opulent altar of Gozag.
  6666 | D:8      | Found a sparkling altar of Nemelex Xobeh.
  6712 | D:8      | Found a white marble altar of Elyvilon.
  6909 | D:8      | Reached skill level 13 in Ranged Weapons
  7206 | D:8      | 7206 ||| UPGRADING to amulet of faith.
  7211 | D:8      | 7211 ||| READING 2 scrolls of identify.
  7211 | D:8      | 7211 ||| IDENTIFYING sapphire potion
  7212 | D:8      | 7212 ||| DROPPING potion of brilliance.
  7277 | D:9      | 7277 ||| FLEEEEING.
  7278 | D:9      | 7278 ||| FLEEEEING.
  7279 | D:9      | 7279 ||| FLEEEEING.
  7280 | D:9      | 7280 ||| FLEEEEING.
  7281 | D:9      | 7281 ||| FLEEEEING.
  7282 | D:9      | 7282 ||| FLEEEEING.
  7283 | D:9      | 7283 ||| FLEEEEING.
  7284 | D:9      | 7284 ||| FLEEEEING.
  7285 | D:9      | 7285 ||| STAIRDANCE
  7441 | D:9      | Reached XP level 10. HP: 56/90 MP: 9/9
  7444 | D:9      | Reached skill level 9 in Fighting
  7454 | D:9      | 7454 ||| FLEEEEING.
  7462 | D:9      | 7462 ||| STAIRDANCE
  7875 | D:9      | Reached skill level 6 in Dodging
  8107 | D:9      | 8107 ||| Stepping ~*~*~tactically~*~*~ (outnumbered).
  8112 | D:9      | 8112 ||| FLEEEEING.
  8113 | D:9      | 8113 ||| FLEEEEING.
  8114 | D:9      | 8114 ||| FLEEEEING.
  8118 | D:9      | 8118 ||| FLEEEEING.
  8119 | D:9      | 8119 ||| FLEEEEING.
  8120 | D:9      | 8120 ||| FLEEEEING.
  8186 | D:9      | 8186 ||| FLEEEEING.
  8187 | D:9      | 8187 ||| FLEEEEING.
  8197 | D:9      | 8197 ||| STAIRDANCE
  8423 | D:9      | Reached skill level 14 in Ranged Weapons
  8899 | D:9      | 8899 ||| READING scroll labelled EZAXKU GEJO.
  8928 | D:10     | Entered Level 10 of the Dungeon
  8952 | D:10     | Found Datuewn's Gadget Gallery.
  8975 | D:10     | 8975 ||| Stepping ~*~*~tactically~*~*~ (outnumbered).
  9019 | D:10     | Noticed a skeletal warrior
  9019 | D:10     | Noticed a skeletal warrior
  9019 | D:10     | Noticed a skeletal warrior
  9019 | D:10     | Noticed a skeletal warrior
  9019 | D:10     | Noticed a skeletal warrior
  9024 | D:10     | HP: 12/93 [skeletal warrior/+0 halberd (22)]
  9024 | D:10     | Slain by a skeletal warrior

Levels and vault maps discovered:
D:1:      giann_bridges, layout_loops_ring, serial_shops,
          nicolae_shop_temple_entry_statues_fountains, nicolae_shop_trees, shop
D:2:      layout_rooms, serial_co_window_serial, co_window_paths_a,
          co_window_paths_b, co_window_paths_a, co_window_corner_a,
          co_window_of_opportunity_a, co_window_paths_b, co_window_broadway_a,
          co_window_unsneaky_path_e, co_window_of_opportunity_b,
          co_window_corner_ca, co_window_4corner_a, co_window_sun,
          glass_columns_a, glass_columns_c
D:3:      layout_loops_ring, nicolae_ru_great_annihilating_truth,
          minmay_tree_intersection, uniq_terence, uniq_ijyb
D:4:      layout_basic, nicolae_wu_jian_wuxing_cycle,
          mainiacjoe_overflow_chevrons, serial_shops,
          nicolae_shop_bloodbath_and_beyond
D:5:      layout_rooms, mainiacjoe_overflow_brackets, uniq_pikel
D:6:      layout_loops_cross, nicolae_uskayaw_dance_studio, old_standard_altar,
          general_overflow_altar, mainiacjoe_overflow_two_lobes,
          minmay_temple_entry_sparse_star
D:7:      layout_basic, ashenzari_altar_1, amethyst_overflow_temple_binary,
          grunt_qazlal_clouds, nzn_hepliaklqana_mist_gate, fedhas_altar_1,
          chequers_mini_garden, uniq_crazy_yiuf_cottage
D:8:      layout_basic, grunt_temple_overflow_opulence, old_standard_altar,
          mainiacjoe_overflow_surrounded_room, elyvilon_altar_4,
          minmay_misc_feat_alley, minmay_misc_feat_iff,
          chequers_serial_rivers_room_a
D:9:      layout_stronghold, serial_ice, serial_ice_c, serial_ice_e,
          serial_ice_g, serial_ice_k, serial_ice_a, serial_ice_b, serial_ice_m,
          serial_ice_o
D:10:     layout_loops_corners, mainiacjoe_overflow_concentric_impassable,
          nicolae_shop_gadgets, uniq_nergalle
Temple:   ebering_the_one_and_only

Skill      XL: |  1  2  3  4  5  6  7  8  9 10 |
---------------+-------------------------------+-----
Ranged Weapons | 5 6 8 10 13 14 | 14.1
Fighting       | 3 4 7 8 10 | 10.0
Armour         | 3 |  3.0
Dodging        | 4 5 6 |  6.0
Stealth        | |  0.7

Action                     |  1- 3 |  4- 6 |  7- 9 | 10-12 || total
---------------------------+-------+-------+-------+-------++-------
  Melee: Unarmed           |       |    21 |       |       ||    21
   Fire: Shortbow          |    89 |   151 |   279 |       ||   519
         Orcbow            |       |       |    71 |   152 ||   223
    Use: Scroll            |     8 |     3 |     6 |     1 ||    18
         Potion            |       |     1 |     3 |       ||     4
 Armour: Leather armour    |    11 |    14 |    48 |    27 ||   100
         Skin              |       |     4 |       |       ||     4
  Dodge: Dodged            |    17 |    43 |    91 |    64 ||   215

Table legend:
 A = Non-vault XP
 B = Vault XP
 C = Vault XP percentage of total XP
 D = Non-vault monster count
 E = Vault monster count
 F = Vault count percentage of total count
                 A         B        C        D         E       F
            +---------+---------+-------+---------+---------+-------
      Total |    5444 |    2943 |  35.1 |     170 |      25 |  12.8
            +---------+---------+-------+---------+---------+-------
        D:1 |      37 |       0 |   0.0 |      22 |       0 |   0.0
        D:2 |     147 |       0 |   0.0 |      12 |       0 |   0.0
        D:3 |     188 |     115 |  38.0 |      17 |       6 |  26.1
        D:4 |     195 |       0 |   0.0 |      16 |       0 |   0.0
        D:5 |     774 |     641 |  45.3 |      14 |       1 |   6.7
        D:6 |    1078 |     105 |   8.9 |      30 |       5 |  14.3
        D:7 |     616 |       0 |   0.0 |      10 |       0 |   0.0
        D:8 |    1219 |       0 |   0.0 |      27 |       0 |   0.0
        D:9 |     909 |    2082 |  69.6 |      16 |      13 |  44.8
       D:10 |     281 |       0 |   0.0 |       6 |       0 |   0.0
            +---------+---------+-------+---------+---------+-------
